 Dungeon Crawl Stone Soup version 0.28-a0-43-g560ac104fe (webtiles) character file.

Game seed: 12115079015173704820

389 Demosthentine the Poker (level 6, -6/48 HPs)
             Began as a Merfolk Gladiator on July 28, 2021.
             Mangled by an ogre (24 damage)
             ... on level 5 of the Dungeon.
             The game lasted 00:02:53 (4504 turns).

Demosthentine the Poker (Merfolk Gladiator)         Turns: 4504, Time: 00:02:53

Health: -6/48      AC:  5    Str: 16    XL:     6   Next: 79%
Magic:  6/6        EV: 14    Int:  7    God:
Gold:   122        SH:  0    Dex: 16    Spells: 5/5 levels left

rFire   . . .      SeeInvis .   a - +0 trident
rCold   . . .      Faith    .   (no shield)
rNeg    . . .      Spirit   .   b - +0 leather armour
rPois   .          Reflect  .   c - +1 helmet
rElec   .          Harm     .   (no cloak)
rCorr   .          Rampage  .   (no gloves)
Will    .....                   (no boots)
Stlth   +.........              (no amulet)
HPRegen 0.16/turn               (no ring)
MPRegen 0.10/turn               (no ring)

@: no status effects
A: (nimble swimmer 2), mertail
a: no special abilities


You were on level 5 of the Dungeon.
You visited 1 branch of the dungeon, and saw 5 of its levels.

You collected 178 gold pieces.
You spent 56 gold pieces at shops.

Inventory:

Hand Weapons
 a - a +0 trident (weapon)
Missiles
 d - a throwing net (quivered)
Armour
 b - a +0 leather armour (worn)
 c - a +1 helmet (worn)
Wands
 l - a wand of iceblast (10)
 o - a wand of digging (5)
Scrolls
 h - a scroll of immolation
 j - 2 scrolls of magic mapping
 p - 2 scrolls of teleportation
Potions
 e - 2 potions of might
 f - 2 potions of resistance
 g - a potion of flight
 i - a potion of curing
 k - a potion of attraction {unknown}
 m - a potion of lignification {unknown}


   Skills:
 + Level 4.1 Fighting
 + Level 6.5 Polearms
 - Level 2.0 Throwing
 + Level 2.3 Armour
 + Level 6.0 Dodging


You had 5 spell levels left.
You didn't know any spells.
Your spell library contained the following spells:

 Spells                   Type           Power      Damage    Failure   Level
 Tukima's Dance           Hex            0%         N/A       86%         3
 Passage of Golubria      Tloc           N/A        N/A       99%         4
 Yara's Violent Unravell  Hex/Tmut       0%         3d3       100%        5


Dungeon Overview and Level Annotations

Branches:
Dungeon (5/15)             Temple (0/1) D:5

Altars:

Shops:
D:3 *


Innate Abilities, Weirdness & Mutations

((You are quick and stealthy near water. (Stealth+, EV+, Speed+++)))
Your lower body shifts to a powerful aquatic tail in water.


Message History

An ogre comes into view. It is wielding a +0 giant club.
The ogre shouts!
A bullfrog skeleton comes into view.
Found a stone staircase leading up.
Throw: 2 throwing nets
Press: ? - help, Q - select action, (/) - cycle Shift-Dir - straight line, f - ogre
Aim: an ogre, wielding a +0 giant club (77% to hit)
You throw a throwing net.
The throwing net barely misses the ogre.
The throwing net hits the bullfrog skeleton.
The bullfrog skeleton is caught in the net!
The bullfrog skeleton struggles against the net.
You barely miss the ogre.
The bullfrog skeleton struggles against the net.
The ogre hits you with a +0 giant club!
You hit the ogre.
The ogre is lightly wounded.
The bullfrog skeleton struggles against the net. x2
You hit the ogre.
The ogre is moderately wounded.
The ogre hits you with a +0 giant club!
The bullfrog skeleton struggles against the net.
You hit the ogre but do no damage.
The ogre is moderately wounded.
The bullfrog skeleton struggles against the net.
The net rips apart, and the bullfrog skeleton comes free!
The ogre barely misses you.
You hit the ogre.
The ogre is moderately wounded.
The ogre closely misses you.
You hit the ogre.
The ogre is moderately wounded.
You hit the ogre.
The ogre is heavily wounded.
The ogre hits you with a +0 giant club!
You barely miss the ogre.
The ogre is heavily wounded.
The ogre hits you with a +0 giant club!!
Ouch! That really hurt!
You die...

##.##.#
###..##.#
#.......#
#.......##
#........#
#......#.#
#........#
#......#.###
#......#@..#
#......#O#....#
########Z####...
#..# ## ....#
.....# .......
.........
..<.....###


You could see an ogre and a bullfrog skeleton.

Vanquished Creatures
  2 scorpions (D:5)
  3 hounds (D:5)
  Ijyb (D:3)
  An iguana (D:5)
  Terence (D:2)
  2 adders (D:3)
  3 worms
  3 dart slugs
  An orc (D:3)
  13 endoplasms
  A giant cockroach (D:1)
  8 goblins
  2 hobgoblins
  4 jackals (D:1)
  3 quokkas
  6 ball pythons
  6 bats
  2 frilled lizards
  6 kobolds
  5 rats
73 creatures vanquished.

Notes
Turn   | Place    | Note
-------+----------+-------------------------------------------
     0 | D:1      | Demosthentine the Merfolk Gladiator began the quest for the
                  | Orb.
     0 | D:1      | Reached XP level 1. HP: 16/16 MP: 1/1
   357 | D:1      | Reached XP level 2. HP: 23/23 MP: 2/2
   815 | D:1      | Reached XP level 3. HP: 28/28 MP: 3/3
  1498 | D:2      | Noticed Terence
  1513 | D:2      | Killed Terence
  1514 | D:2      | Reached skill level 5 in Polearms
  1514 | D:2      | Reached skill level 1 in Armour
  1514 | D:2      | Reached XP level 4. HP: 10/34 MP: 4/4
  1953 | D:2      | Found a faded altar of an unknown god.
  2382 | D:3      | Reached skill level 5 in Dodging
  2391 | D:3      | Found Usipn's General Store.
  2569 | D:3      | Bought 2 potions of degeneration for 28 gold pieces
  2569 | D:3      | Bought a scroll of identify for 28 gold pieces
  2743 | D:3      | Reached XP level 5. HP: 41/41 MP: 5/5
  2818 | D:3      | Noticed Ijyb
  2853 | D:3      | Killed Ijyb
  3757 | D:5      | Entered Level 5 of the Dungeon
  3983 | D:5      | Reached XP level 6. HP: 29/48 MP: 6/6
  4442 | D:5      | Found a staircase to the Ecumenical Temple.
  4504 | D:5      | Mangled by an ogre

Illustrated notes

Levels and vault maps discovered:
D:1:      roderic_chinese_lattice_arrival, layout_basic
D:2:      layout_basic, shapermc_ecumenical_altar_mp_urbaneastern, uniq_terence
D:3:      minmay_spotlight, layout_loops_cross, serial_shops,
          nicolae_shop_waterfront, uniq_ijyb
D:4:      layout_gridville, minivault_19, grunt_ministairs_10
D:5:      layout_rooms, minmay_temple_entry_purple_smoke

Skill      XL: |  1  2  3  4  5  6 |
---------------+-------------------+-----
Polearms       | 5 6 |  6.5
Armour         | 1 2 |  2.3
Fighting       | 3 4 |  4.1
Dodging        | 5 6 |  6.0
Throwing       | |  2.0

Action                   |  1- 3 |  4- 6 || total
-------------------------+-------+-------++-------
Melee: Trident           |    84 |   187 ||   271
Throw: Throwing net      |     1 |     2 ||     3
  Use: Scroll            |     2 |     8 ||    10
       Potion            |       |     1 ||     1
 Stab: Sleeping          |     4 |     2 ||     6
       Held in net/web   |     1 |       ||     1
Armor: Leather armour    |    11 |    30 ||    41
Dodge: Dodged            |    39 |   107 ||   146

Table legend: (Time is in decaauts)
 A = Elapsed time spent in this place.
 B = Non-inter-level travel time spent in this place.
 C = Inter-level travel time spent in this place.
 D = Time resting spent in this place.
 E = Time spent auto-exploring this place.
 F = Levels seen in this place.
 G = Mean time per level.
                   A        B        C        D        E       F      G
               +--------+--------+--------+--------+--------+-----+--------+
         Total |   4508 |   4392 |    116 |      0 |   3862 |   5 |  901.6 |
       Dungeon |   4508 |   4392 |    116 |      0 |   3862 |   5 |  901.6 |
               +--------+--------+--------+--------+--------+-----+--------+

Top non-repeatable levels by time:
     D:1: 1258 daAuts
     D:3: 1071 daAuts
     D:2: 824 daAuts
     D:5: 744 daAuts
     D:4: 610 daAuts
